AoeStats
← | ArCas | Toruk Makto

Oasis

508346803Analyzed
4v4 RM · 9d ago on Sep 22, 2026· 45m 28s· 8 players
Game mode
Random Map
Map size
Large (8 player)
Population
200
Speed
Normal
Resources
Standard
Victory
Conquest
Starting age
Dark Age
Ending age
Imperial Age
RankedLock teamsTeams togetherTeam positionsShared explorationLock speedFull tech treeHidden civsTurbo modeCheats
Victory
Defeat
🇨🇦 Mongols · Canada
1327
+12
🇦🇷 Berbers · Argentina
1321
+12
🇨🇦 Muisca · Canada
1295
+13
🇨🇴 Franks · Colombia
1288
+13
🇵🇪 Khitans · Peru
1390
-18
🇨🇴 Italians · Colombia
1307
-16
🇲🇽 Persians · Mexico
1147
-9
🇦🇷 Celts · Argentina
1065
-7
| ArCas | Toruk Makto
6:19 Loom
8:54 Feudal Age
9:29 Double-Bit Axe
10:22 Horse Collar
16:40 Forging
19:07 Scale Barding Armor
25:08 Castle Age
25:39 Bloodlines
26:43 Gold Mining
27:40 Iron Casting
27:26 Chain Barding Armor
27:46 Husbandry
31:22 Wheelbarrow
37:08 Gold Shaft Mining
38:34 Heavy Plow
39:42 Town Watch
40:38 Bow Saw
44:22 Imperial Age
43:45 Hand Cart
44:18 Gold Shaft Mining
43:33 Stone Mining
44:26 Cavalier
46:19 Blast Furnace
45:55 Plate Barding Armor
45:12 Fletching
45:24 Padded Archer Armor
46:06 Stone Shaft Mining
koppzer
4:15 Loom
13:00 Feudal Age
17:05 Castle Age
15:41 Double-Bit Axe
17:12 Crossbowman
18:07 Fletching
20:03 Bow Saw
21:41 Bodkin Arrow
23:00 Padded Archer Armor
24:26 Wheelbarrow
24:44 Horse Collar
26:38 Gold Mining
27:33 Leather Archer Armor
28:40 Town Watch
37:15 Imperial Age
35:13 Scale Mail Armor
36:31 Squires
39:25 Chemistry
39:00 Bracer
41:12 Arbalester
42:11 Stone Mining
42:52 Conscription
43:42 Ballistics
44:30 Herbalism
44:08 Champi Runner
44:44 Champi Warrior
46:02 Chain Mail Armor
< Cobrander >
10:09 Feudal Age
11:54 Double-Bit Axe
12:13 Loom
17:48 Forging
23:36 Castle Age
22:06 Bloodlines
22:57 Fletching
24:50 Bodkin Arrow
30:54 Husbandry
30:52 Gold Mining
37:55 Stone Mining
43:49 Ballistics
43:52 Horse Collar
46:05 Padded Archer Armor
SATOLEP
15:17 Feudal Age
16:00 Loom
23:27 Scale Barding Armor
23:33 Forging
31:25 Castle Age
BITCOIN_
10:12 Feudal Age
11:29 Double-Bit Axe
12:00 Horse Collar
14:56 Loom
15:25 Scale Barding Armor
16:52 Forging
23:41 Castle Age
25:13 Wheelbarrow
25:34 Pikeman
30:54 Scale Mail Armor
31:30 Iron Casting
34:27 Town Watch
34:59 Hand Cart
37:18 Bow Saw
39:03 Fortified Wall
39:39 Chain Mail Armor
41:26 Masonry
Mancaldito
7:29 Loom
9:43 Feudal Age
10:42 Double-Bit Axe
11:25 Fletching
16:40 Wheelbarrow
22:20 Castle Age
21:13 Padded Archer Armor
23:22 Bodkin Arrow
23:10 Crossbowman
30:04 Leather Archer Armor
34:03 Bow Saw
40:10 Elite Skirmisher
41:21 Gold Mining
41:22 Stone Mining
V1per
5:41 Loom
8:36 Feudal Age
15:53 Forging
16:35 Scale Barding Armor
20:15 Double-Bit Axe
23:31 Castle Age
21:52 Gold Mining
23:35 Light Cavalry
24:52 Iron Casting
24:42 Bow Saw
24:27 Town Watch
26:51 Chain Barding Armor
28:56 Husbandry
32:02 Domestication
37:11 Wheelbarrow
37:17 Pastoralism
[GDL]Cemento
5:07 Loom
20:07 Feudal Age
24:04 Castle Age
23:07 Horse Collar
23:14 Double-Bit Axe
26:29 Forging
26:25 Scale Barding Armor
35:53 Husbandry
38:39 Fletching
39:10 Pikeman
42:29 Bow Saw
Connection lost

Rejoining the realm…

Still unreachable

The connection could not be restored.

Session expired

The server has moved on; the page needs a fresh start.